 Dungeon Crawl Stone Soup version 0.21.1-1-g345015f (webtiles) character file.

78 wilfster70 the Cutter (level 4, -12/29 HPs)
             Began as a Halfling Warper on June 6, 2018.
             Mangled by an ogre
             ... wielding a +0 giant spiked club
              (23 damage)
             ... on level 3 of the Dungeon.
             The game lasted 00:10:02 (3341 turns).

wilfster70 the Cutter (Halfling Warper)             Turns: 3341, Time: 00:10:03

Health: -12/29     AC: 10    Str: 12    XL:     4   Next: 61%
Magic:  8/8        EV: 11    Int: 12    God:
Gold:   105        SH:  0    Dex: 13    Spells: 4/8 levels left

rFire    . . .     SeeInvis .   a - +0 short sword
rCold    + . .     Gourm    .   (shield restricted)
rNeg     . . .     Faith    .   m - +4 scale mail {rC+}
rPois    .         Spirit   .   (no helmet)
rElec    .         Reflect  .   (no cloak)
rCorr    .         Harm     .   (no gloves)
MR       .....                  (no boots)
Stlth    ..........             (no amulet)
HPRegen  0.09/turn              (no ring)
MPRegen  0.11/turn              (no ring)

@: slowed, very slow
A: small, mutation resistance 1
a: no special abilities


You were on level 3 of the Dungeon.
You were not hungry.

You visited 1 branch of the dungeon, and saw 3 of its levels.

You collected 105 gold pieces.

Inventory:

Hand Weapons
 a - a +0 short sword (weapon)
Missiles
 e - 5 tomahawks of dispersal (quivered)
 k - 4 tomahawks
 s - 24 stones
Armour
 m - a +4 scale mail of cold resistance (worn)
Scrolls
 b - a scroll of noise {unknown}
 d - a scroll of blinking
 h - a scroll of random uselessness {unknown}
 i - 7 scrolls of identify {unknown}
 j - a scroll of amnesia {unknown}
 l - a scroll of teleportation {unknown}
 o - 2 scrolls of enchant weapon {unknown}
 p - a scroll of enchant armour {unknown}
Potions
 q - a potion of flight {unknown}
 r - a potion of curing {unknown}
 t - a potion of heal wounds {unknown}
Books
 c - a book of Spatial Translocations

   Spells                             Type                      Level
   a - Blink                          Translocation                2
   b - Shroud of Golubria             Charms/Translocation         2
   c - Lesser Beckoning               Translocation                3
   d - Gell's Gravitas                Translocation                3
   e - Teleport Other                 Translocation                3
   f - Passage of Golubria            Translocation                4
 g - a book of Minor Magic

   Spells                             Type                      Level
   a - Magic Dart                     Conjuration                  1
   b - Blink                          Translocation                2
   c - Call Imp                       Summoning                    2
   d - Slow                           Hexes                        2
   e - Conjure Flame                  Conjuration/Fire             3
   f - Mephitic Cloud                 Conjuration/Poison/Air       3
Comestibles
 f - 9 rations
 n - 2 chunks of flesh


   Skills:
 - Level 1.7 Fighting
 + Level 3.6 Short Blades
 - Level 1.0 Throwing
 - Level 1.1 Armour
 - Level 2.1 Dodging
 * Level 2.9 Spellcasting
 - Level 3.2 Translocations


You had 4 spell levels left.
You knew the following spells:

 Your Spells              Type           Power        Failure   Level  Hunger
a - Blink                 Tloc           N/A          45%         2    ###....
b - Shroud of Golubria    Chrm/Tloc      #.........   71%         2    ###....


Dungeon Overview and Level Annotations

Branches:
Dungeon (3/15)

Altars:

Annotations:
D:3 Ijyb, Jessica


Innate Abilities, Weirdness & Mutations

You are small and have problems with some larger weapons.
You are somewhat resistant to further mutation.


Message History

Jessica points at you and mumbles some strange words.
You feel yourself slow down.
You see here a curare-tipped needle.
There is an open door here.
Jessica casts a spell at you. Pain shoots through your body!
Jessica casts a spell.
Jessica blinks!
Jessica closely misses you.
Jessica gestures wildly while chanting.
Jessica blinks!
You barely miss Jessica. Jessica barely misses you.
Jessica barely misses you. x2
The ogre hits you with a giant spiked club!!
Ouch! That really hurt!
Jessica shouts, "You're disturbing me!
I'll have to kill you!" Jessica hits you but does no damage.
The ogre hits you with a giant spiked club!!
Ouch! That really hurt!
You die...

### #.### #.. ....# #.#
#.#.# ##+## #.# #.#.#
##...## #.# #.#.#
##@@...## #.###.#.##
##..O....##
#........####.........#
............'.........+
######...####.........#
#..## ##.......## #.##
##.....## #.# ##...##
#.# ##'#####


You could see an ogre and Jessica.

Vanquished Creatures
  Terence (D:3)
  An ooze (D:1)
  A worm (D:2)
  A dart slug (D:1)
  4 leopard geckos
  2 giant cockroaches
  4 goblins
  3 hobgoblins
  2 jackals (D:3)
  8 kobolds
  6 bats
  A frilled lizard (D:3)
  6 rats
40 creatures vanquished.

Notes
Turn   | Place    | Note
-------+----------+-------------------------------------------
     0 | D:1      | wilfster70 the Halfling Warper began the quest for the Orb.
     0 | D:1      | Reached XP level 1. HP: 14/14 MP: 3/3
   209 | D:1      | Reached XP level 2. HP: 18/19 MP: 4/4
   213 | D:1      | Learned a level 2 spell: Blink
   216 | D:1      | Learned a level 2 spell: Shroud of Golubria
  1122 | D:1      | Reached XP level 3. HP: 24/24 MP: 6/6
  2988 | D:3      | Noticed Terence
  3012 | D:3      | Killed Terence
  3012 | D:3      | Reached XP level 4. HP: 14/29 MP: 6/8
  3321 | D:3      | Noticed Jessica
  3321 | D:3      | Noticed an ogre
  3324 | D:3      | Noticed Ijyb
  3341 | D:3      | Mangled by an ogre

Skill      XL: |  1  2 |
---------------+-------+-----
Spellcasting   | 2 |  2.9
Short Blades   | 3 |  3.6
Fighting       | |  1.7
Throwing       | |  1.0
Armour         | |  1.1
Dodging        | |  2.1
Translocations | |  3.2

Action                   |  1- 3 |  4- 6 || total
-------------------------+-------+-------++-------
Melee: Short sword       |   180 |    19 ||   199
  Use: Potion            |     3 |       ||     3
 Stab: Sleeping          |     2 |       ||     2
       Invisible         |     3 |       ||     3
  Eat: Chunk             |     5 |       ||     5
       Ration            |       |     1 ||     1
Armor: Leather armour    |    28 |       ||    28
       Scale mail        |     8 |    11 ||    19
Dodge: Dodged            |   139 |    20 ||   159
